 Dungeon Crawl Stone Soup version 0.31-a0-1005-gfbdfbac (webtiles) character file.

Game seed: 3824309645677464894

114 Partyfoot the Conjurer (level 4, 0/36 HPs)
             Began as a Draconian Conjurer on Nov 11, 2023.
             Slain by an iguana (1 damage)
             ... on level 4 of the Dungeon.
             The game lasted 00:12:46 (3055 turns).

Partyfoot the Conjurer (Draconian Conjurer)         Turns: 3055, Time: 00:12:46

Health: 0/36       AC:  6    Str:  9    XL:     4   Next: 67%
Magic:  3/8        EV: 12    Int: 20    God:
Gold:   169        SH:  0    Dex: 10    Spells: 3/8 levels left

rFire   . . .        l - +1 dagger (elec)
rCold   . . .        (no shield)
rNeg    . . .        (body armour unavailable)
rPois   .            (helmet restricted)
rElec   .            (no cloak)
rCorr   .            (no gloves)
SInv    .            t - +0 pair of boots
Will    .....        (no amulet)
Stlth   +            (no ring)
HPRegen 0.26/turn    (no ring)
MPRegen 0.11/turn

%: no passive effects
@: about to teleport, very slow
A: AC +5, unfitting armour, cold-blooded
a: no special abilities


You were on level 4 of the Dungeon.
You visited 1 branch of the dungeon, and saw 4 of its levels.

You collected 169 gold pieces.

Inventory:

Hand Weapons
 h - a +0 sling
 l - a +1 dagger of electrocution (weapon)
Missiles
 x - 14 poisoned darts
Armour
 t - a +0 pair of boots (worn)
Jewellery
 g - an amulet of guardian spirit
 j - a ring of protection from cold
Wands
 n - a wand of flame (21)
 v - a wand of iceblast (9)
Scrolls
 c - a scroll of amnesia
 e - a scroll of teleportation
 f - a scroll of enchant armour {unknown}
 m - a scroll of identify {unknown}
 o - a scroll of torment {unknown}
 r - a scroll of revelation
 s - a scroll of noise {unknown}
 u - a scroll of blinking {unknown}
 w - a scroll of enchant weapon {unknown}
Potions
 a - a potion of magic
 b - 2 potions of degeneration {unknown}
 d - 2 potions of curing {unknown}
 i - a potion of brilliance {unknown}
 k - a potion of berserk rage {unknown}
 p - a potion of haste {unknown}
 q - a potion of enlightenment {unknown}


   Skills:
 + Level 2.0 Fighting
 - Level 2.6 Dodging
 - Level 1.8 Stealth
 + Level 2.9 Spellcasting
 - Level 4.5 Conjurations
 + Level 0.0 Hexes


You had 3 spell levels left.
You knew the following spells:

 Your Spells              Type           Power      Damage    Failure   Level
a - Magic Dart            Conj           84%        1d7       2%          1
b - Fulminant Prism       Conj/Hex       6%         3d7       50%         4

Your spell library contained the following spells:

 Spells                   Type           Power      Damage    Failure   Level
 Searing Ray              Conj           42%        2d6       3%          2
 Apportation              Tloc           4%         N/A       14%         1
 Dazzling Flash           Conj/Hex       24%        N/A       17%         3
 Jinxbite                 Hex            6%         N/A       22%         2
 Ozocubu's Armour         Ice            2%         N/A       41%         3
 Iskenderun's Mystic Bla  Conj/Tloc      12%        2d5       50%         4
 Alistair's Intoxication  Tmut/Pois      1%         N/A       99%         5
 Ozocubu's Refrigeration  Ice            1%         4d7       100%        7


Dungeon Overview and Level Annotations

Branches:
Dungeon (4/15)
 Temple: D:4-7

Altars:
Dithmenos
Ru

Shops:
D:1 (

Portals:
Sewer: D:4


Innate Abilities, Weirdness & Mutations

Your plain brown scales are hard. (AC +5)
You cannot fit into any form of body armour.
You are cold-blooded and may be slowed by cold attacks.


Message History

Aim: an iguana (100% to hit)
The magic dart hits the iguana.
The iguana is lightly wounded.
The giant cockroach waves its antennae.
The giant cockroach splashes around in the water. x2
The quokka splashes around in the water.
The iguana bites you.
The quokka splashes around in the water.
The giant cockroach barely misses you.
Casting: Magic Dart (safe; 2% risk of failure)
Confirm with . or Enter, or press ? or * to list all spells.
Aiming: Magic Dart (safe; 2% risk of failure)
Press: ? - help, Shift-Dir - straight line, f/p - iguana
Aim: an iguana (lightly wounded, 100% to hit)
The magic dart hits the iguana but does no damage.
The iguana is lightly wounded.
The giant cockroach barely misses you.
The quokka splashes around in the water.
The quokka bites you but does no damage.
The giant cockroach bites you but does no damage.
The iguana bites you!
* * * LOW HITPOINT WARNING * * *
The giant cockroach splashes around in the water.
The quokka closely misses you.
As you read the scroll labelled TOFIAH ITIOT, it crumbles to dust.
It is a scroll of amnesia.
Okay, then.
The quokka barely misses you.
The giant cockroach splashes around in the water.
The giant cockroach bites you but does no damage.
The quokka barely misses you. The iguana bites you!
* * * LOW HITPOINT WARNING * * *
As you read the scroll labelled VIUKEK HUFIAVA, it crumbles to dust.
You feel strangely unstable.
It was a scroll of teleportation.
The quokka splashes around in the water.
The giant cockroach bites you but does no damage.
The giant cockroach closely misses you.
The quokka bites you but does no damage.
The iguana bites you.
You die...

,,,,* **,,,****,,,,,,,,,** **,
*,,** *,,,,,,...##***,,******,,
**** *,,,,,,#...# *,,,,,,,,,,
**,,,,*#~~~# **,,,****,,
*,,,,*#~~~# ***,* **, *,,,,*#~~~#
***,,,* *, **,....#~~~#**,,,,,*
** *****,,....#rl~#,,,,,,,******
**,,,,,,,...#@B~#,,,,,,,,**,,,
**,,,,,***#..#Br~#,,,,,,,,,,,,,
**#.,,,*** #..#Bg~#,,,,,,,,*****
,##...** #..#Jo~#,,,,,,,,* **
,.....* ##..#g..#...,,,,,****,
......#* #.........$..,,,,*,,,,
.......## ##.l#.........,,,,,,,,*
....#..>###...#.........,,,,,****
....##.....o.###........*,,,,****


You could see an iguana, an orc, an endoplasm, 2 quokkas, 3 giant cockroaches
and 2 goblins.

Vanquished Creatures
  4 adders
  A worm (D:2)
  4 dart slugs
  6 bats
  4 endoplasms
  2 giant cockroaches
  7 goblins
  5 hobgoblins
  5 jackals
  5 quokkas
  6 ball pythons
  3 frilled lizards
  4 kobolds
  7 rats
63 creatures vanquished.

Notes
Turn   | Place    | Note
-------+----------+-------------------------------------------
     0 | D:1      | Partyfoot the Draconian Conjurer began the quest for the
                  | Orb.
     0 | D:1      | Reached XP level 1. HP: 14/14 MP: 3/3
   209 | D:1      | Found Antuttuth's Weapon Emporium.
   351 | D:1      | Reached XP level 2. HP: 7/22 MP: 0/5
   919 | D:1      | Reached skill level 1 in Fighting
  1314 | D:1      | Reached XP level 3. HP: 28/28 MP: 4/6
  2042 | D:2      | Reached XP level 4. HP: 35/35 MP: 5/7
  2777 | D:3      | Found a shadowy altar of Dithmenos.
  2783 | D:3      | Learned a level 4 spell: Fulminant Prism
  2818 | D:3      | Found a sacrificial altar of Ru.
  3033 | D:4      | Found a glowing drain.
  3054 | D:4      | HP: 1/36 [iguana (9)]
  3055 | D:4      | Slain by an iguana

Illustrated notes

Levels and vault maps discovered:
D:1:      dpeg_arrival_brainrot, layout_basic, serial_shops, shop,
          serial_bayou_pond_e
D:2:      layout_rooms, minmay_circled_x
D:3:      layout_rooms, old_standard_altar, nicolae_ru_awakened_eye,
          pdpol_wu_jian_five_deadly_venoms, minmay_increasing_density
D:4:      layout_layer_cave, nicolae_overflow_crystal_walls, old_standard_altar,
          lightli_ossuary_entry_decrepit_ruins, portal_sewer_entry_f,
          nicolae_grassy_gnolls

Skill      XL: |  1  2  3  4 |
---------------+-------------+-----
Dodging        | 2 |  2.6
Fighting       | 1 2 |  2.0
Stealth        | |  1.8
Spellcasting   | |  2.9
Conjurations   | |  4.5

Action                     |  1- 3 |  4- 6 || total
---------------------------+-------+-------++-------
  Melee: Unarmed           |    18 |       ||    18
         Tailslap          |     5 |     7 ||    12
         Dagger            |     8 |    48 ||    56
         Punch             |       |     1 ||     1
   Cast: Magic Dart        |    83 |    38 ||   121
    Use: Scroll            |       |     3 ||     3
   Stab: Sleeping          |     1 |       ||     1
 Armour: Skin              |    22 |    52 ||    74
  Dodge: Dodged            |    37 |    74 ||   111

Table legend: (Time is in decaauts)
 A = Elapsed time spent in this place.
 B = Non-inter-level travel time spent in this place.
 C = Inter-level travel time spent in this place.
 D = Time resting spent in this place.
 E = Time spent auto-exploring this place.
 F = Levels seen in this place.
 G = Mean time per level.
                   A        B        C        D        E       F      G
               +--------+--------+--------+--------+--------+-----+--------+
         Total |   3057 |   2876 |    181 |    300 |   2078 |   4 |  764.2 |
       Dungeon |   3057 |   2876 |    181 |    300 |   2078 |   4 |  764.2 |
               +--------+--------+--------+--------+--------+-----+--------+

Top non-repeatable levels by time:
     D:1: 1494 daAuts
     D:2: 950 daAuts
     D:3: 567 daAuts
     D:4: 44 daAuts
